 Dungeon Crawl Stone Soup version 0.30-a0-134-gb40fab5c76 (webtiles) character file.

Game seed: 14464241750064923205

1656186 EnegeticOcto the Peltast (level 25, 204/204 HPs)
             Began as a Mummy Wanderer on Sept 19, 2022.
             Was a Follower of Yredelemnul.
             Escaped with the Orb
             ... and 3 runes!
             The game lasted 02:07:00 (66827 turns).

EnegeticOcto the Peltast (Mummy Wanderer)          Turns: 66827, Time: 02:07:01

Health: 204/204    AC: 35    Str: 32 (33) XL:     25   Next: 15%
Magic:  32/32      EV: 19    Int:  6 (7)  God:    Yredelemnul [*.....]
Gold:   3103       SH: 24    Dex:  9 (14) Spells: 24/24 levels left

rFire   + + .      SeeInvis +    W - +9 eveningstar (vamp)
rCold   + + +      Faith    +    m - +5 kite shield {rF+}
rNeg    + + +      Spirit   .    X - +8 chain mail "Sen Nea" {rCorr Str+10 Int-3}
rPois   ∞          Reflect  +    w - +2 helmet
rElec   +          Harm     .    c - +2 cloak {Will+}
rCorr   +          Rampage  .    h - +2 pair of gloves
Will    ++++.                    y - +2 pair of boots
Stlth   ..........               o - amulet of Xupnisut {Reflect rF+ rC++ rN+ SH+5}
HPRegen 0.44/turn                A - ring of the Hare {EV+8, =R}
MPRegen 0.23/turn                l - ring "Doer" {rElec rF+ rC+ Int-3 SInv}

@: no status effects
A: cold resistance 1, negative energy resistance 3, torment resistance 2, heat
vulnerability 1, in touch with death 2, no potions, faith
0: Orb of Zot
}: 3/15 runes: decaying, serpentine, silver
a: Renounce Religion, Recall Undead Harvest


You escaped.
You worshipped Yredelemnul.
Yredelemnul was pleased with you.
You visited 10 branches of the dungeon, and saw 48 of its levels.
You also visited: Sewer and Desolation.

You collected 7322 gold pieces.
You spent 4219 gold pieces at shops.

Inventory:

Hand Weapons
 W - a +9 vampiric eveningstar (weapon)
   (You subdued it on level 2 of the Elven Halls)
Missiles
 b - 12 throwing nets {!f}
 s - 2 silver javelins
 t - 4 silver boomerangs
 z - 18 boomerangs (quivered)
 E - 52 poisoned darts
 G - 3 curare-tipped darts
 K - 8 javelins
Armour
 c - a +2 cloak of willpower (worn)
   (You found it on level 13 of the Dungeon)
 h - a +2 pair of gloves (worn)
   (You found it on level 2 of the Dungeon)
 m - a +5 kite shield of fire resistance (worn)
   (You took it off a tengu warrior on level 15 of the Dungeon)
 w - a +2 helmet (worn)
   (You took it off Robin on level 2 of the Dungeon)
 y - a +2 pair of boots (worn)
   (You found it on level 4 of the Dungeon)
 X - the +8 chain mail "Sen Nea" (worn) {rCorr Str+10 Int-3}
   (You found it on level 3 of the Lair of Beasts)

   Str:       It affects your strength (+10).
   Int:       It affects your intelligence (-3).
   rCorr:     It protects you from acid and corrosion.
Jewellery
 f - the ring of Shadows {Umbra +Inv Stlth+}
   (You took it off a deep elf sorcerer on level 3 of the Elven Halls)

   [ring of stealth]

   It surrounds you with an aura of shadow, increasing your stealth and reducing
   the accuracy of all others within it.
   +Inv:      It lets you turn invisible.
   Stlth:     It makes you more stealthy.
 l - the ring "Doer" (right hand) {rElec rF+ rC+ Int-3 SInv}
   (You took it off a deep elf master archer on level 3 of the Elven Halls)

   [ring of protection from fire]

   Int:       It affects your intelligence (-3).
   rF:        It protects you from fire.
   rC:        It protects you from cold.
   rElec:     It insulates you from electricity.
   SInv:      It lets you see invisible.
 o - the amulet of Xupnisut (around neck) {Reflect rF+ rC++ rN+ SH+5}
   (You found it on level 3 of the Elven Halls)

   [amulet of reflection]

   It reflects blocked missile attacks.
   rF:        It protects you from fire.
   rC:        It greatly protects you from cold.
   rN:        It protects you from negative energy.
   SH:        It affects your SH (+5).
 A - the ring of the Hare (left hand) {EV+8, =R}
   (You bought it in a shop on level 2 of the Orcish Mines)

   [ring of evasion]

   EV:        It affects your evasion (+8).
 D - a ring of flight
   (You found it on level 1 of the Snake Pit)
 M - a ring of see invisible
   (You found it on level 3 of the Realm of Zot)
Wands
 k - a wand of quicksilver (27)
   (You took it off a naga sharpshooter on level 1 of the Snake Pit)
 r - a wand of paralysis (29)
   (You took it off Ijyb on level 3 of the Dungeon)
 C - a wand of roots (16)
   (You found it on level 2 of the Snake Pit)
 L - a wand of flame (81) {@v4}
   (You found it on level 5 of the Lair of Beasts)
 P - a wand of polymorph (21)
   (You found it on level 8 of the Dungeon)
 Y - a wand of mindburst (1)
   (You found it on level 4 of the Lair of Beasts)
Scrolls
 a - 5 scrolls of enchant armour
 d - 13 scrolls of fog {!r}
 g - 9 scrolls of blinking {@r4}
 i - 5 scrolls of magic mapping {@r5 !r}
 p - 4 scrolls of vulnerability
 q - 16 scrolls of teleportation {@r3 !r}
 u - 11 scrolls of poison
 F - 4 scrolls of summoning
 H - a scroll of silence {!r}
 I - a scroll of enchant weapon
 J - 2 scrolls of immolation
 T - 11 scrolls of fear {!r}
Miscellaneous
 e - a phial of floods
   (You found it in the Desolation of Salt)
 j - a condenser vane
   (You found it on level 3 of the Elven Halls)
 n - a box of beasts
   (You found it on level 3 of the Elven Halls)
 B - a tin of tremorstones (2/2)
   (You found it in the Desolation of Salt)
 S - a phantom mirror
   (You found it on level 10 of the Dungeon)


   Skills:
 - Level 18.0 Fighting
 - Level 16.0 Maces & Flails
 - Level 2.4 Polearms
 - Level 16.0 Throwing
 - Level 14.0 Armour
 - Level 8.0 Dodging
 - Level 2.0 Stealth
 + Level 20.2 Shields
 - Level 12.0 Invocations
 - Level 15.0 Evocations


You had 24 spell levels left.
You didn't know any spells.
Your spell library contained the following spells:

 Spells                   Type           Power      Damage    Failure   Level
 Apportation              Tloc           0%         N/A       91%         1
 Foxfire                  Conj/Fire      0%         2x1d4     91%         1
 Freeze                   Ice            0%         1d3       91%         1
 Magic Dart               Conj           0%         1d3       91%         1
 Necrotise                Necr           0%         1d4       91%         1
 Sandblast                Erth           0%         2d4       91%         1
 Shock                    Conj/Air       0%         1d3       91%         1
 Slow                     Hex            0%         N/A       91%         1
 Summon Small Mammal      Summ           0%         N/A       91%         1
 Blink                    Tloc           0%         N/A       97%         2
 Cigotuvi's Dreadful Rot  Necr/Pois/Air  0%         N/A       97%         2
 Poisonous Vapours        Pois/Air       0%         N/A       97%         2
 Searing Ray              Conj           0%         2d4       97%         2
 Call Canine Familiar     Summ           0%         N/A       100%        3
 Confusing Touch          Hex            0%         N/A       100%        3
 Gell's Gravitas          Tloc           0%         N/A       100%        3
 Ignite Poison            Fire/Tmut/Pois 0%         N/A       100%        3
 Inner Flame              Hex/Fire       0%         N/A       100%        3
 Kindle Blastsparks       Fire/Tloc/Air  0%         2d10      100%        3
 Lesser Beckoning         Tloc           0%         N/A       100%        3
 Ozocubu's Armour         Ice            0%         N/A       100%        3
 Portal Projectile        Hex/Tloc       0%         N/A       100%        3
 Summon Guardian Golem    Hex/Summ       0%         N/A       100%        3
 Teleport Other           Tloc           0%         N/A       100%        3
 Vampiric Draining        Necr           0%         2d6       100%        3
 Airstrike                Air            0%         2d(0-16)  100%        4
 Anguish                  Hex/Necr       0%         N/A       100%        4
 Cause Fear               Hex            0%         N/A       100%        4
 Dispel Undead            Necr           0%         3d6       100%        4
 Flame Wave               Conj/Fire      0%         2d4       100%        4
 Fulminant Prism          Conj/Hex       0%         3d6       100%        4
 Hailstorm                Conj/Ice       0%         3d3       100%        4
 Iskenderun's Mystic Bla  Conj/Tloc      0%         2d3       100%        4
 Leda's Liquefaction      Hex/Erth       0%         N/A       100%        4
 Manifold Assault         Tloc           0%         N/A       100%        4
 Olgreb's Toxic Radiance  Pois           0%         N/A       100%        4
 Passage of Golubria      Tloc           0%         N/A       100%        4
 Petrify                  Tmut/Erth      0%         N/A       100%        4
 Sticky Flame             Conj/Fire      0%         2d3       100%        4
 Summon Ice Beast         Ice/Summ       0%         N/A       100%        4
 Summon Lightning Spire   Summ/Air       0%         N/A       100%        4
 Agony                    Necr           0%         N/A       100%        5
 Alistair's Intoxication  Tmut/Pois      0%         N/A       100%        5
 Borgnjor's Vile Clutch   Necr/Erth      0%         N/A       100%        5
 Fireball                 Conj/Fire      0%         3d3       100%        5
 Freezing Cloud           Conj/Ice/Air   0%         6-21      100%        5
 Iskenderun's Battlesphe  Conj           0%         2d6       100%        5
 Lee's Rapid Deconstruct  Erth           0%         3d5*      100%        5
 Lightning Bolt           Conj/Air       0%         1d11      100%        5
 Metabolic Englaciation   Hex/Ice        0%         N/A       100%        5
 Summon Forest            Summ/Tloc      0%         N/A       100%        5
 Conjure Ball Lightning   Conj/Air       0%         3x3d6     100%        6
 Dispersal                Tloc           0%         N/A       100%        6
 Eringya's Noxious Bog    Tmut/Pois      0%         N/A       100%        6
 Starburst                Conj/Fire      0%         6d3       100%        6
 Summon Cactus Giant      Summ           0%         N/A       100%        6
 Enfeeble                 Hex            0%         N/A       100%        7
 Haunt                    Necr/Summ      0%         N/A       100%        7
 Malign Gateway           Summ/Tloc      0%         N/A       100%        7
 Orb of Destruction       Conj           0%         9d5       100%        7
 Summon Hydra             Summ           0%         N/A       100%        7
 Discord                  Hex            0%         N/A       100%        8
 Disjunction              Tloc           0%         N/A       100%        8
 Lehudib's Crystal Spear  Conj/Erth      0%         10d2      100%        8
 Maxwell's Capacitive Co  Air            0%         ∞         100%        8
 Summon Horrible Things   Summ           0%         N/A       100%        8
 Chain Lightning          Conj/Air       0%         N/A       100%        9
 Fire Storm               Conj/Fire      0%         5d1       100%        9
 Polar Vortex             Ice            0%         N/A       100%        9
 Shatter                  Erth           0%         3d5*      100%        9
 Spider Form              Tmut/Pois      Unusable   N/A       N/A         3
 Animate Dead             Necr           Unusable   N/A       N/A         4
 Ice Form                 Ice/Tmut       Unusable   N/A       N/A         4
 Death Channel            Necr           Unusable   N/A       N/A         6
 Simulacrum               Ice/Necr       Unusable   N/A       N/A         6
 Statue Form              Tmut/Erth      Unusable   N/A       N/A         6
 Storm Form               Tmut/Air       Unusable   N/A       N/A         7
 Necromutation            Tmut/Necr      Unusable   N/A       N/A         8

Dungeon Overview and Level Annotations

Branches:
Dungeon (15/15)            Temple (1/1) D:4            Lair (5/5) D:9
  Swamp (4/4) Lair:3        Snake (4/4) Lair:3        Slime (0/5) Lair:4
    Orc (2/2) D:12            Elf (3/3) Orc:2        Vaults (5/5) D:14
  Crypt (0/3) Vaults:3     Depths (4/4) D:15            Zot (5/5) Depths:4
  Sewer (visited)         Desolation (visited)

Altars:
Ashenzari
Cheibriados
Dithmenos
Fedhas
Gozag
Hepliaklqana
Kikubaaqudgha
Makhleb
Nemelex Xobeh
Okawaru
Qazlal
Ru
Sif Muna
Trog
Uskayaw
Vehumet
Wu Jian
Xom
Yredelemnul

Shops:
D:5 *   D:10 ?   D:13 *   Orc:2 =?=(   Elf:2 [   Elf:3 ?(=   Snake:3 [
Vaults:1 (   Vaults:2 ?   Vaults:3 ?   Vaults:4 (   Depths:2 !(*=   Depths:3 =

Portals:
Hell: Depths:1 Depths:2 Depths:3 Depths:4
Abyss: Depths:3
Pandemonium: Depths:1 Depths:2
Ziggurat: Depths:3

Annotations:
D:3 1 runed translucent door, Crazy Yiuf
D:5 Dowan, Duvessa
Snake:1 Roxanne
Elf:2 Louise
Vaults:1 exclusion: orange crystal statue
Depths:1 1 runed translucent door


Innate Abilities, Weirdness & Mutations

You are immune to poison.
Your flesh is cold resistant. (rC+)
You are immune to negative energy. (rN+++)
You are immune to unholy pain and torment.
You are vulnerable to heat. (rF-)
You are strongly in touch with the powers of death.
You do not drink.
You have a special connection with the divine. (Faith)


Message History

The tormentor is almost dead.
You block the tormentor's attack. x2
You closely miss the tormentor.
The tormentor is almost dead.
You block the tormentor's attack. x2
You impale the tormentor!!
You kill the tormentor!
A black mist starts to gather...
(D) Dungeon (T) Temple (L) Lair (S) Swamp (P) Snake Pit (M) Slime Pits (O) Orcish Mines (E) Elven Halls (V) Vaults (C) Crypt (U) Depths (H) Hell (Z) Zot
Where to? (Enter - D:1 @ (x,y), ? - help)
You swap places.
You see here a potion of invisibility.
There is an open door here.
There is a staircase leading out of the dungeon here.
You enter the shallow water.
Moving in this stuff is going to be slow.
There is a staircase leading out of the dungeon here.
Okay, then.
Saving game... please wait.
Welcome back, EnegeticOcto the Mummy Wanderer.
Yredelemnul says: Carry the black torch!
Rouse the idle dead!
Press ? for a list of commands and other information.
Saving game... please wait.
Welcome back, EnegeticOcto the Mummy Wanderer.
Yredelemnul says: Carry the black torch!
Rouse the idle dead!
Press ? for a list of commands and other information.
Saving game... please wait.
Welcome back, EnegeticOcto the Mummy Wanderer.
Yredelemnul says: Carry the black torch!
Rouse the idle dead!
Press ? for a list of commands and other information.
Saving game... please wait.
Welcome back, EnegeticOcto the Mummy Wanderer.
Yredelemnul says: Carry the black torch!
Rouse the idle dead!
Press ? for a list of commands and other information.
Saving game... please wait.
Welcome back, EnegeticOcto the Mummy Wanderer.
Yredelemnul says: Carry the black torch!
Rouse the idle dead!
Press ? for a list of commands and other information.
Saving game... please wait.
Welcome back, EnegeticOcto the Mummy Wanderer.
Yredelemnul says: Carry the black torch!
Rouse the idle dead!
Press ? for a list of commands and other information.
Unknown command.
Saving game... please wait.
Welcome back, EnegeticOcto the Mummy Wanderer.
Yredelemnul says: Carry the black torch!
Rouse the idle dead!
Press ? for a list of commands and other information.
Saving game... please wait.
Welcome back, EnegeticOcto the Mummy Wanderer.
Yredelemnul says: Carry the black torch!
Rouse the idle dead!
Press ? for a list of commands and other information.
Saving game... please wait.
Welcome back, EnegeticOcto the Mummy Wanderer.
Yredelemnul says: Carry the black torch!
Rouse the idle dead!
Press ? for a list of commands and other information.
Saving game... please wait.
Welcome back, EnegeticOcto the Mummy Wanderer.
Yredelemnul says: Carry the black torch!
Rouse the idle dead!
Press ? for a list of commands and other information.
Saving game... please wait.
Welcome back, EnegeticOcto the Mummy Wanderer.
Yredelemnul says: Carry the black torch!
Rouse the idle dead!
Press ? for a list of commands and other information.
Saving game... please wait.
Welcome back, EnegeticOcto the Mummy Wanderer.
Yredelemnul says: Carry the black torch!
Rouse the idle dead!
Press ? for a list of commands and other information.
Saving game... please wait.
Welcome back, EnegeticOcto the Mummy Wanderer.
Yredelemnul says: Carry the black torch!
Rouse the idle dead!
Press ? for a list of commands and other information.
Saving game... please wait.
Welcome back, EnegeticOcto the Mummy Wanderer.
Yredelemnul says: Carry the black torch!
Rouse the idle dead!
Press ? for a list of commands and other information.
Saving game... please wait.
Welcome back, EnegeticOcto the Mummy Wanderer.
Yredelemnul says: Carry the black torch!
Rouse the idle dead!
Press ? for a list of commands and other information.
Saving game... please wait.
Welcome back, EnegeticOcto the Mummy Wanderer.
Yredelemnul says: Carry the black torch!
Rouse the idle dead!
Press ? for a list of commands and other information.
Saving game... please wait.
Welcome back, EnegeticOcto the Mummy Wanderer.
Yredelemnul says: Carry the black torch!
Rouse the idle dead!
Press ? for a list of commands and other information.
Search for what [? for help]? unrand Can't find anything matching that.
Search for what [Enter for "unrand", or ? for help]? artefact You drop the ring of Shadows {Umbra +Inv Stlth+}.
Search for what [Enter for "artefact", or ? for help]? artefact Search for what [Enter for "artefact", or ? for help]?
There is a staircase leading out of the dungeon here.
You see here the ring of Shadows {Umbra +Inv Stlth+}.
f - the ring of Shadows {Umbra +Inv Stlth+} You have escaped!

..# ##...##.......# ####.### ###
#.....###.##..# #.# ##...##
#.##..# #.# ##..####.....# #.#
#.......#...# #.# #.#######...#
#.# ##'# #....# #.# ##.##
##'#############.# ##..#
♣♣♣♣..@.~~~~≈≈≈~≈##.### #
##...#♣♣P....Z~~PP~≈~~..'..##.
####....#♣...P.≈~~PPP~~....#..#..
...'....#.....~~PPP~~~....♣#.....
####....'....~~~~~~~.....♣♣##.#..
# ##.[.#≈~~~≈~..<.....♣♣♣ #..#.
##..#########'######### ##.##
##...# #...#.# #.# #.## ##'####
###...# #(####.##


You could see a friendly spectral tormentor.

Vanquished Creatures
  An ancient lich (Zot:5)
  Mara (Depths:2)
  Boris (twice) (Depths:4 Vaults:5)
  2 Killer Klowns (Zot:5)
  Saint Roka (Depths:3)
  A caustic shrike (Depths:3)
  A curse toe (Zot:2)
  4 golden dragons
  3 bone dragons (Depths:2)
  2 electric golems
  5 tentacled monstrosities
  2 deep elf blademasters
  11 Orb Guardians
  A lich (Depths:2)
  2 titans
  3 deep elf master archers
  3 quicksilver dragons
  7 death cobs
  6 sphinxes
  Frances (D:14)
  15 storm dragons
  9 shadow dragons
  3 tengu reavers
  3 nagarajas
  A daeva (Depths:1)
  3 fire giants
  6 frost giants
  An iron dragon (Vaults:5)
  A spectral juggernaut (Depths:2)
  8 draconian knights
  2 imperial myrmidons (Desolation)
  Aizul (Elf:3)
  A draconian scorcher (Zot:1)
  4 deep elf sorcerers
  A balrug (Depths:1)
  3 spectral caustic shrikes (Depths:1)
  10 vault wardens
  2 ghost moths
  A spriggan defender (Depths:3)
  3 draconian stormcallers
  A curse skull (Zot:2)
  2 draconian shifters
  4 deep elf elementalists (Elf:3)
  An orc warlord (Vaults:2)
  A reaper (Depths:1)
  A quicksilver ooze (Lair:5)
  3 draconian annihilators
  5 ironbound preservers
  3 stone giants
  21 very ugly things
  An ironbound thunderhulk (Vaults:2)
  3 deep elf demonologists
  A vampire knight (Depths:2)
  6 black draconians
  2 green draconians
  2 eleionomae (Swamp:2)
  A putrid mouth (Depths:2)
  8 white draconians
  4 yellow draconians
  A dire elephant (Vaults:1)
  6 deep elf annihilators
  5 spark wasps
  Azrael (Orc:2)
  8 purple draconians
  3 red draconians
  5 deep elf death magi
  A crystal guardian (Vaults:1)
  9 fire dragons
  2 ragged hierophants (Desolation)
  Josephine (D:14)
  5 ettins
  2 yaktaur captains
  3 great orbs of eyes
  A shambling mangrove (Swamp:4)
  4 deep elf high priests
  2 salamander tyrants (Snake:4)
  23 vault guards
  2 rakshasas
  6 servants of whispers (Desolation)
  An ice dragon (Depths:2)
  8 peacekeepers
  14 hydras
  Harold (Lair:1)
  5 ogre magi
  A spriggan air mage (Depths:2)
  2 catoblepae
  2 ghost crabs
  3 ironbound frosthearts
  9 centaur warriors
  10 anacondas
  4 alligators
  An Orb Guardian zombie (Zot:5)
  4 two-headed ogres
  3 boulder beetles
  9 dancing weapons
  8 deep troll shamans
  15 tengu warriors
  6 deep troll earth magi
  A vampire mage (Depths:2)
  4 naga warriors
  7 death yaks
  A spriggan berserker (Depths:1)
  6 naga sharpshooters
  10 shock serpents
  A hell knight (Depths:4)
  6 sun demons
  5 iron trolls
  5 deep elf knights
  A sixfirhy (Depths:2)
  A goliath frog (shapeshifter) (Vaults:5)
  A salamander mystic (Snake:1)
  2 skeletal warriors (Depths:2)
  4 goliath frogs
  A spriggan rider (Swamp:2)
  2 glowing orange brains
  6 swamp dragons
  A flayed ghost (Depths:2)
  31 deep trolls
  An orange crystal statue (Zot:2)
  3 bog bodies (Swamp:1)
  8 wizards
  A deep elf archer (Elf:1)
  6 lindwurms
  2 harpies (D:14)
  2 phantasmal warriors (Vaults:5)
  2 necromancers
  5 orc knights
  15 deep elf zephyrmancers
  10 ironbound convokers
  5 mana vipers
  4 manticores (Depths:1)
  20 ugly things
  13 deep elf pyromancers
  A moth of wrath (shapeshifter) (Vaults:5)
  A will-o-the-wisp (Swamp:1)
  8 orc sorcerers (Orc:2)
  4 cyclopes
  3 salamanders (Snake:4)
  10 elephants (Lair:5)
  2 elf zombies
  12 naga magi
  13 moths of wrath
  20 black mambas
  7 vault sentinels
  A smoke demon (Depths:1)
  7 cane toads
  A torpor snail (Lair:5)
  3 guardian serpents
  3 gargoyles
  An orange demon (Depths:2)
  A yaktaur zombie (Vaults:1)
  A rime drake (Lair:1)
  5 yaktaurs
  2 unseen horrors
  An ice devil (Depths:1)
  A tengu conjurer (Depths:1)
  9 komodo dragons
  A tormentor (D:1)
  2 freezing wraiths (D:15)
  A polar bear (Lair:5)
  3 red devils (Depths:1)
  10 trolls
  8 meliai
  3 tyrant leeches
  8 human zombies
  8 hornets
  30 saltlings (Desolation)
  6 slime creatures
  9 blink frogs
  A guardian serpent zombie (Desolation)
  8 dream sheep
  A human simulacrum (Vaults:1)
  2 air elementals
  A centaur simulacrum (D:14)
  2 wyverns
  4 shadows
  9 spriggans
  2 vampires (D:11)
  10 wraiths
  36 yaks
  4 fire elementals
  3 basilisks (D:14)
  12 humans (D:14)
  A redback (Vaults:1)
  7 hogs
  4 water elementals
  10 vampire mosquitoes
  5 wargs
  5 swamp worms
  13 nagas
  Edmund (D:4)
  2 acid dragons
  2 floating eyes (shapeshifter)
  12 water moccasins
  A hell hound (Orc:2)
  Pargi (Sewer)
  17 orc warriors
  3 sky beasts (D:7)
  2 glowing shapeshifter skeletons (Depths:2)
  8 black bears
  6 swamp drakes
  3 ice beasts
  An orc zombie (Vaults:1)
  6 boggarts
  9 ogres
  A wolf (shapeshifter) (Vaults:5)
  14 wolves (Lair:5)
  5 centaurs
  3 kobold brigands
  5 bullfrogs
  2 necrophages
  A cyclops zombie (D:14)
  6 scorpions
  2 gnoll sergeants
  An earth elemental (Elf:1)
  5 wights (D:8)
  A killer bee (D:9)
  2 electric eels
  5 howler monkeys
  3 jellies
  10 orc priests
  3 hounds
  A gnoll bouda (D:5)
  Jessica (D:3)
  An iguana (D:5)
  27 orc wizards
  Natasha (thrice) (D:3)
  2 hell rats (D:9)
  Ijyb (D:3)
  A lightning spire (Zot:2)
  Robin (D:2)
  16 gnolls
  9 adders
  A shadow imp (D:6)
  An ufetubus (D:5)
  4 worms
  3 dart slugs (D:5)
  58 orcs
  3 ball pythons
  8 bats
  5 endoplasms
  9 giant cockroaches
  11 goblins
  5 hobgoblins
  4 jackals (D:1)
  8 kobolds
  3 quokkas
  3 frilled lizards
  6 rats
  A withered plant (D:14)
1281 creatures vanquished.

Vanquished Creatures (collateral kills)
  A dread lich (Zot:5)
  3 orbs of fire (Zot:5)
  Sojobo (Vaults:2)
  2 Killer Klowns (Zot:5)
  Frederick (Depths:4)
  Margery (Depths:4)
  Xtahua (Vaults:4)
  A caustic shrike (Depths:4)
  A curse toe (Zot:4)
  6 golden dragons
  The ghost of Turbonekonecno the Ninja, a veteran SpEn of Okawaru (Zot:1)
  An electric golem (Zot:2)
  2 Tzitzimimeh (Depths:2)
  A doom hound (Depths:2)
  5 tentacled monstrosities
  Jorgrun (Swamp:1)
  Grunn (Depths:2)
  2 liches
  4 quicksilver dragons
  14 Orb Guardians (Zot:5)
  A titan (Vaults:5)
  2 sphinxes
  5 death cobs
  A nagaraja (Snake:4)
  3 tengu reavers
  2 shadow dragons
  3 storm dragons
  2 deep elf sorcerers
  A frost giant (Depths:1)
  3 fire giants (Depths:3)
  4 vault wardens
  An imperial myrmidon (Desolation)
  5 draconian stormcallers
  A balrug (Depths:4)
  2 draconian shifters
  An orc warlord (Vaults:2)
  A spriggan defender (Depths:3)
  4 stone giants
  2 war gargoyles
  A draconian annihilator (Zot:3)
  15 ironbound preservers
  4 eleionomae
  6 ironbound thunderhulks
  2 green draconians (Zot:2)
  4 very ugly things
  2 red draconians
  5 black draconians
  A halazid warlock (Desolation)
  4 yellow draconians
  An entropy weaver (Vaults:5)
  8 purple draconians
  A spark wasp (Depths:1)
  2 bunyips
  A crystal guardian (Desolation)
  2 ettins
  5 white draconians
  3 fire dragons
  A blizzard demon (Depths:2)
  2 shambling mangroves
  The ghost of Iqocveme the Thaumaturge, a journeyman HuCj of Vehumet (Lair:1)
  A great orb of eyes (Vaults:4)
  2 deep elf high priests (Vaults:5)
  3 ragged hierophants (Desolation)
  8 vault guards (Vaults:5)
  A rakshasa (Depths:2)
  3 yaktaur captains
  4 servants of whispers (Desolation)
  A salamander tyrant (Snake:4)
  3 ice dragons
  A ghost crab (Swamp:4)
  9 hydras
  An anaconda (Snake:4)
  3 two-headed ogres
  A spriggan air mage (Depths:1)
  4 peacekeepers (Desolation)
  3 dancing weapons
  5 ironbound frosthearts
  2 boulder beetles
  6 alligators
  A deep troll shaman (Depths:4)
  9 death yaks
  4 naga warriors
  A tengu warrior (Depths:4)
  A titan zombie (Zot:5)
  A spriggan berserker (Depths:1)
  4 deep elf knights
  A vampire mage (Depths:2)
  5 naga sharpshooters
  2 shock serpents
  A sun demon (Depths:4)
  3 hell knights
  2 salamander mystics (Snake:1)
  An iron troll (Depths:1)
  5 goliath frogs
  27 deep trolls
  2 spriggan riders
  2 spriggan druids
  A glowing orange brain (Vaults:3)
  A deep elf archer (Elf:3)
  A lindwurm (Vaults:2)
  8 swamp dragons
  2 naga ritualists
  3 bog bodies
  7 deep elf zephyrmancers
  3 necromancers
  9 ironbound convokers
  A phantasmal warrior (Vaults:5)
  2 harpies
  6 mana vipers
  A tengu skeleton (Depths:2)
  6 wizards
  5 deep elf pyromancers
  17 ugly things
  An oklob plant (Zot:2)
  A will-o-the-wisp (Swamp:2)
  A moth of wrath (shapeshifter) (Elf:3)
  11 moths of wrath
  5 manticores (Depths:1)
  4 salamanders
  11 black mambas
  2 guardian serpents
  4 vault sentinels
  3 cane toads
  10 naga magi
  5 yaktaurs
  2 ice devils
  A tengu conjurer (Depths:2)
  A red devil (Depths:1)
  A sphinx simulacrum (Vaults:4)
  2 tyrant leeches
  28 saltlings (Desolation)
  A troll (D:10)
  10 hornets
  A dream sheep (Lair:5)
  6 slime creatures
  A polar bear (Lair:5)
  4 blink frogs (Lair:2)
  A meliai zombie (D:14)
  A ynoxinul (Depths:1)
  12 spriggans
  7 yaks
  6 hogs
  A fire elemental (Orc:2)
  A wyvern (Lair:2)
  A hog (shapeshifter) (D:11)
  6 humans (D:14)
  4 vampire mosquitoes
  A steam dragon (D:10)
  13 nagas
  7 swamp worms
  A water moccasin (Lair:5)
  A hell hound (Depths:1)
  7 black bears
  An orc zombie (Orc:2)
  A swamp drake (Swamp:4)
  3 orc warriors (D:15)
  5 wolves (Lair:5)
  2 boggarts (Lair:5)
  3 ogres (Vaults:5)
  2 bullfrogs (Lair:1)
  2 earth elementals
  A glowing shapeshifter simulacrum (Vaults:4)
  4 killer bees (D:9)
  A howler monkey (D:9)
  An electric eel (Lair:5)
  2 human zombies (D:14)
  3 jellies (Lair:5)
  2 orc priests
  2 lightning spires (Zot:2)
  A hell rat (D:9)
  An adder (D:6)
  A white imp (Vaults:4)
  11 orcs
  A gnoll zombie (D:5)
  A quokka (D:9)
  2 kobolds (D:6)
  A rat (D:9)
611 creatures vanquished.

Vanquished Creatures (others)
  2 spectral caustic shrikes
  A spectral doom hound (Depths:2)
  A draconian scorcher (Zot:5)
  A deep elf sorcerer (Vaults:5)
  2 spectral tentacled monstrosities
  A Killer Klown zombie (Zot:5)
  2 spectral humans
  A spectral shadow dragon (Zot:4)
  A spectral golden dragon (Zot:5)
  A spectral elf (Depths:1)
  A deep elf annihilator (Vaults:5)
  4 quicksilver dragon zombies
  6 very ugly thing zombies
  A hydra (Swamp:4)
  A peacekeeper (Desolation)
  A spectral entropy weaver (Vaults:2)
  9 Orb Guardian zombies (Zot:5)
  An alligator (Swamp:4)
  A naga warrior (Snake:4)
  A titan zombie (Vaults:5)
  A deep troll shaman (Depths:4)
  8 storm dragon zombies
  A spectral sixfirhy (Depths:2)
  A deep elf knight (Elf:2)
  A spectral reaper (Depths:1)
  2 golden dragon zombies
  A spark wasp zombie (Depths:1)
  2 anaconda zombies (Snake:1)
  A bunyip zombie (Swamp:2)
  A swamp dragon (Swamp:4)
  9 ugly thing zombies
  A lindwurm (Swamp:4)
  4 shadow dragon zombies
  A deep elf zephyrmancer (Elf:3)
  4 sphinx zombies
  A harpy (Depths:1)
  3 spectral nagas
  A stone giant zombie (Vaults:5)
  An iron dragon zombie (Vaults:5)
  7 draconian zombies
  2 frost giant zombies (Vaults:5)
  A spectral blizzard demon (Depths:2)
  2 eleionoma zombies
  2 shock serpent zombies
  A naga mage (Snake:4)
  A dire elephant zombie (Vaults:1)
  5 purple draconian zombies
  3 death yak zombies
  3 white draconian zombies
  2 yellow draconian zombies
  4 black draconian zombies
  A redback zombie (Vaults:1)
  A red draconian zombie (Zot:3)
  3 yaktaur zombies
  4 mana viper zombies
  3 swamp worm zombies
  A green draconian zombie (Zot:4)
  11 hydra zombies
  2 bloated husks
  2 harpy zombies
  A saltling (Desolation)
  A tyrant leech (Swamp:3)
  An ice dragon zombie (D:15)
  A great orb of eyes zombie (Vaults:3)
  8 moth of wrath zombies
  4 fire dragon zombies
  3 meliai zombies
  An alligator zombie (Swamp:4)
  2 guardian serpent zombies
  15 black mamba zombies
  A spectral ice devil (Depths:1)
  A hog (Lair:5)
  3 slime creature zombies
  A tyrant leech zombie (Swamp:2)
  A two-headed ogre zombie (Vaults:5)
  21 deep troll zombies
  5 salamander zombies
  12 tengu zombies
  A cane toad zombie (Lair:5)
  A ghost crab zombie (Swamp:2)
  22 elf zombies
  3 manticore zombies (Depths:1)
  3 spectral red devils (Depths:1)
  2 hornet zombies
  59 human zombies
  3 elephant zombies (Lair:5)
  A dream sheep zombie (Lair:4)
  3 lindwurm zombies
  A blink frog zombie (Lair:4)
  5 hog zombies
  3 swamp dragon zombies
  8 vampire mosquito zombies
  2 komodo dragon zombies
  A rime drake zombie (Lair:1)
  A hell hound zombie (Orc:2)
  6 water moccasin zombies
  A warg zombie (Orc:1)
  10 yak zombies
  10 spriggan zombies
  A troll zombie (D:10)
  11 wolf zombies
  4 centaur zombies
  A bullfrog zombie (Lair:1)
  2 basilisk zombies (D:14)
  3 black bear zombies
  An orc wizard (Orc:2)
  A boggart zombie (Lair:5)
  A scorpion zombie (D:5)
  A killer bee zombie (D:9)
  An acid dragon zombie (D:10)
  10 ogre zombies
  23 naga zombies
  A spectral electric eel (Lair:5)
  2 hell rat zombies (D:9)
  2 swamp drake zombies
  3 jelly zombies (Lair:5)
  36 orc zombies
  An orc (Orc:2)
  A bat zombie (Sewer)
  A frilled lizard zombie (Sewer)
  2 gnoll zombies (D:5)
  A kobold zombie (D:6)
  A quokka zombie (D:9)
  19 foxfires
  56 fungi
  83 plants
641 creatures vanquished.

Grand Total: 2533 creatures vanquished

Notes
Turn   | Place    | Note
-------+----------+-------------------------------------------
     0 | D:1      | EnegeticOcto the Mummy Wanderer began the quest for the
                  | Orb.
     0 | D:1      | EnegeticOcto set off with the following items: a +0 spear,
                  | 3 throwing nets {!f}, a +0 leather armour, a scroll of fog
                  | {!r}, a scroll of blinking {@r4}.
     0 | D:1      | Reached XP level 1. HP: 15/15 MP: 1/1
    29 | D:1      | Found a faded altar of an unknown god.
    87 | D:1      | Reached skill level 1 in Stealth
   119 | D:1      | Reached XP level 2. HP: 13/21 MP: 2/2
   724 | D:2      | Reached skill level 2 in Stealth
   861 | D:2      | Reached skill level 2 in Fighting
   861 | D:2      | Gained mutation: You are in touch with the powers of death.
                  | [Mummy growth]
   861 | D:2      | Reached XP level 3. HP: 26/27 MP: 3/3
  1291 | D:3      | Identified the +7 mace of the People {spect, rC- Dex+3
                  | SInv}
  1300 | D:3      | Noticed Jessica
  1311 | D:3      | Killed Jessica
  1322 | D:3      | Reached skill level 3 in Fighting
  1354 | D:3      | Noticed Natasha
  1394 | D:3      | Found a shimmering altar of Xom.
  1395 | D:3      | Found an iron altar of Okawaru.
  1396 | D:3      | Found a shimmering blue altar of Sif Muna.
  1396 | D:3      | Found a stormy altar of Qazlal.
  1426 | D:3      | Found a shadowy altar of Dithmenos.
  1435 | D:3      | Reached XP level 4. HP: 35/35 MP: 4/4
  1483 | D:3      | Found a bloodstained altar of Trog.
  1606 | D:3      | Noticed Ijyb
  1615 | D:3      | Killed Ijyb
  1616 | D:3      | Reached skill level 1 in Maces & Flails
  2113 | D:1      | Reached skill level 2 in Maces & Flails
  2224 | D:1      | Reached XP level 5. HP: 41/41 MP: 5/5
  2775 | D:2      | Noticed Robin
  2784 | D:2      | Killed Robin
  2793 | D:2      | Reached skill level 3 in Maces & Flails
  3424 | D:3      | Killed Natasha
  3449 | D:3      | Found a shimmering blue altar of Sif Muna.
  3453 | D:3      | Found a shimmering altar of Xom.
  3454 | D:3      | Found an iron altar of Okawaru.
  3455 | D:3      | Found a stormy altar of Qazlal.
  3606 | D:3      | Noticed Natasha
  3611 | D:3      | Killed Natasha
  3612 | D:3      | Reached XP level 6. HP: 38/47 MP: 6/6
  3702 | D:3      | Found a bloodstained altar of Trog.
  3809 | D:3      | Noticed Natasha
  3814 | D:3      | Killed Natasha
  3934 | D:3      | Found a runed translucent door.
  3935 | D:3      | Noticed Crazy Yiuf
  3957 | D:4      | Reached skill level 4 in Maces & Flails
  4043 | D:4      | Reached skill level 4 in Fighting
  4156 | D:4      | Noticed Edmund
  4167 | D:4      | Killed Edmund
  4168 | D:4      | Reached skill level 5 in Fighting
  4168 | D:4      | Reached XP level 7. HP: 56/56 MP: 7/7
  4189 | D:4      | Found a staircase to the Ecumenical Temple.
  4198 | Temple   | Entered the Ecumenical Temple
  4242 | Temple   | Became a worshipper of Yredelemnul the Dark
  4518 | D:4      | Found a burning altar of Makhleb.
  4521 | D:4      | Reached * piety under Yredelemnul
  4925 | D:5      | Entered Level 5 of the Dungeon
  5018 | D:5      | Reached skill level 5 in Maces & Flails
  5285 | D:5      | Reached ** piety under Yredelemnul
  5336 | D:5      | Reached skill level 6 in Maces & Flails
  5336 | D:5      | Reached XP level 8. HP: 52/62 MP: 8/8
  5468 | D:5      | Reached skill level 6 in Fighting
  5697 | D:5      | Noticed Duvessa
  5697 | D:5      | Noticed Dowan
  5787 | D:5      | Found Soompaun's Assorted Antiques.
  5831 | D:5      | Reached *** piety under Yredelemnul
  5834 | D:5      | Bought a scroll labelled YVAUBL RUZU for 21 gold pieces
  5834 | D:5      | Bought a scroll labelled TOUFRA SUDUU for 21 gold pieces
  5834 | D:5      | Bought a scroll of blinking for 157 gold pieces
  5903 | D:5      | Reached skill level 7 in Fighting
  6048 | D:6      | Reached skill level 7 in Maces & Flails
  6151 | D:6      | Found a glowing drain.
  6155 | Sewer    | Entered a sewer
  6226 | Sewer    | Noticed Pargi
  6233 | Sewer    | Killed Pargi
  6573 | D:6      | Reached XP level 9. HP: 71/72 MP: 9/9
  7014 | D:7      | Reached skill level 8 in Maces & Flails
  7076 | D:7      | Found a broken altar of Ashenzari.
  7867 | D:8      | Reached skill level 9 in Maces & Flails
  8265 | D:9      | Noticed a death yak
  8304 | D:9      | Noticed a two-headed ogre
  8317 | D:9      | Noticed a two-headed ogre
  8324 | D:9      | Killed a two-headed ogre
  8325 | D:9      | Reached skill level 10 in Maces & Flails
  8361 | D:9      | Identified the +5 ring mail "Seabalac" {+Inv rElec Regen+
                  | Dex+4}
  8478 | D:9      | Noticed a two-headed ogre
  8489 | D:9      | Reached XP level 10. HP: 79/79 MP: 10/10
  8492 | D:9      | Killed a two-headed ogre
  8493 | D:9      | Reached skill level 1 in Evocations
  8545 | D:9      | Reached skill level 2 in Evocations
  8669 | D:9      | Reached **** piety under Yredelemnul
  8676 | D:9      | Found a staircase to the Lair.
  8680 | D:9      | Noticed a death yak
  8680 | D:9      | Noticed a death yak
  8687 | D:9      | Killed a death yak
  8688 | D:9      | Reached skill level 8 in Fighting
  8691 | D:9      | Killed a death yak
  8692 | D:9      | Reached skill level 3 in Evocations
  8692 | D:9      | Killed a death yak
  8693 | D:9      | Reached skill level 4 in Evocations
  8769 | D:9      | Reached ***** piety under Yredelemnul
  8862 | D:9      | Reached skill level 11 in Maces & Flails
  8941 | D:9      | Reached ****** piety under Yredelemnul
  9012 | D:9      | Killed a two-headed ogre
  9109 | D:10     | Entered Level 10 of the Dungeon
  9124 | D:10     | Identified the +0 chain mail of Light {Slay+2}
  9146 | D:10     | Reached skill level 5 in Evocations
  9200 | D:10     | Noticed a centaur warrior
  9205 | D:10     | Reached XP level 11. HP: 73/86 MP: 11/11
  9231 | D:10     | Killed a centaur warrior
  9376 | D:10     | Reached skill level 6 in Evocations
  9406 | D:10     | Found Weopt's Magic Scroll Emporium.
  9421 | D:10     | Bought a scroll of magic mapping for 82 gold pieces
  9421 | D:10     | Bought a scroll of teleportation for 33 gold pieces
  9427 | D:10     | Noticed a two-headed ogre
  9437 | D:10     | Killed a two-headed ogre
  9438 | D:10     | Reached skill level 12 in Maces & Flails
  9816 | D:10     | Identified the +7 morningstar of Hubris {antimagic, rPois
                  | rC- Str-4 Int+10}
 10066 | Lair:1   | Entered Level 1 of the Lair of Beasts
 10126 | Lair:1   | Noticed Harold
 10127 | Lair:1   | Found a runed translucent gate.
 10129 | Lair:1   | Found a runed translucent gate.
 10129 | Lair:1   | Found a runed translucent gate.
 10137 | Lair:1   | Killed Harold
 10138 | Lair:1   | Reached skill level 7 in Evocations
 10176 | Lair:1   | Noticed a nine-headed hydra
 10176 | Lair:1   | Noticed Iqocveme's ghost (journeyman HuCj)
 10177 | Lair:1   | Noticed a ten-headed hydra
 10216 | Lair:1   | Your ally Harold died
 10584 | Lair:1   | Reached XP level 12. HP: 89/92 MP: 12/12
 10639 | Lair:1   | Reached skill level 8 in Evocations
 10646 | Lair:1   | Noticed a death yak
 10646 | Lair:1   | Noticed a death yak
 10646 | Lair:1   | Noticed a death yak
 10647 | Lair:1   | Noticed a death yak
 10647 | Lair:1   | Noticed a death yak
 10657 | Lair:1   | Killed a death yak
 10662 | Lair:1   | Killed a death yak
 10663 | Lair:1   | Reached skill level 13 in Maces & Flails
 10674 | Lair:1   | Killed a death yak
 10680 | Lair:1   | Killed a death yak
 10684 | Lair:1   | Killed a death yak
 10986 | Lair:1   | Killed a nine-headed hydra
 10990 | Lair:1   | Killed a ten-headed hydra
 11003 | Lair:1   | Killed Iqocveme's ghost
 11007 | Lair:1   | Identified the +4 broad axe "Hyjoa" {venom, *Noise rElec
                  | rPois Int+7}
 11107 | Lair:2   | Reached skill level 14 in Maces & Flails
 11206 | Lair:2   | Reached skill level 2 in Invocations
 11260 | Lair:2   | Reached skill level 2 in Armour
 11380 | Lair:2   | Reached skill level 4 in Dodging
 11750 | Lair:3   | Noticed a catoblepas
 11763 | Lair:3   | Killed a catoblepas
 11764 | Lair:3   | Reached skill level 3 in Invocations
 11836 | Lair:3   | Reached skill level 3 in Armour
 11892 | Lair:3   | Got the Secrets of Singed Stolen Souls
 11898 | Lair:3   | Identified the +8 chain mail "Sen Nea" {rCorr Str+10 Int-3}
 11971 | Lair:3   | Identified the +9 halberd of Horpheru {vorpal, Fragile rN+
                  | rCorr Str+2}
 12098 | Lair:3   | Found a staircase to the Snake Pit.
 12153 | Lair:3   | Found a staircase to the Swamp.
 12368 | Lair:4   | Gained mutation: You are strongly in touch with the powers
                  | of death. [Mummy growth]
 12368 | Lair:4   | Reached XP level 13. HP: 100/100 MP: 15/15
 12389 | Lair:4   | Reached skill level 9 in Fighting
 12491 | Lair:4   | Reached skill level 4 in Invocations
 12595 | Lair:4   | Reached skill level 5 in Dodging
 12757 | Lair:4   | Identified a scroll of acquirement
 12787 | Lair:4   | Found a staircase to the Slime Pits.
 12957 | Lair:4   | Reached skill level 4 in Armour
 13481 | Lair:5   | Entered Level 5 of the Lair of Beasts
 13615 | Lair:5   | Reached skill level 5 in Invocations
 13770 | Lair:5   | Reached skill level 10 in Fighting
 13770 | Lair:5   | Reached skill level 5 in Armour
 13853 | Lair:5   | Reached skill level 6 in Dodging
 13952 | Lair:5   | Reached skill level 6 in Invocations
 14005 | Lair:5   | Reached XP level 14. HP: 86/110 MP: 18/18
 14133 | Lair:5   | Noticed Kirke
 14145 | Lair:5   | Reached skill level 6 in Armour
 14167 | Lair:5   | Killed Kirke
 14167 | Lair:5   | Enslaved Kirke
 14287 | Lair:5   | Noticed a quicksilver ooze
 14298 | Lair:5   | Killed a quicksilver ooze
 14299 | Lair:5   | Reached skill level 7 in Dodging
 14484 | Lair:5   | Reached skill level 7 in Invocations
 16086 | D:11     | Reached skill level 8 in Dodging
 16352 | D:12     | Reached skill level 8 in Invocations
 16682 | D:12     | Found a staircase to the Orcish Mines.
 18068 | D:13     | Found Malauzorgh's General Store.
 18224 | D:13     | Bought a scroll of blinking for 105 gold pieces
 18231 | D:13     | Got the Parchment of the Rocky Lungs
 18776 | Orc:1    | Entered Level 1 of the Orcish Mines
 18810 | Orc:1    | Noticed an orc warlord
 18963 | D:12     | an orc warlord changed into a hog
 19306 | Orc:2    | Entered Level 2 of the Orcish Mines
 19429 | Orc:2    | Found a staircase to the Elven Halls.
 19447 | Orc:2    | Reached skill level 9 in Invocations
 19542 | Orc:2    | Reached skill level 11 in Fighting
 20155 | D:14     | Noticed Josephine
 20184 | D:14     | Killed Josephine
 20291 | D:14     | Found a gate to the Vaults.
 20610 | D:14     | Reached XP level 15. HP: 107/120 MP: 22/22
 20614 | D:14     | Reached skill level 10 in Invocations
 21021 | D:14     | Reached skill level 12 in Fighting
 21832 | D:14     | Noticed Frances
 21838 | D:14     | Your ally Josephine died
 21841 | D:14     | Your ally Kirke died
 21863 | D:14     | Killed Frances
 22197 | Orc:2    | Reached skill level 11 in Invocations
 22782 | D:15     | Entered Level 15 of the Dungeon
 22917 | D:15     | Acquired the +1 buckler of Untruth {rElec rPois Str+4}
 22918 | D:15     | Acquired a manual of Evocations
 23430 | D:15     | Reached skill level 1 in Shields
 23454 | D:15     | Reached skill level 2 in Shields
 23703 | D:15     | Reached skill level 3 in Shields
 23959 | D:15     | Found a staircase to the Depths.
 24696 | Orc:2    | Reached skill level 4 in Shields
 24838 | Orc:2    | Found Qosk's Antique Weapon Boutique.
 24886 | Orc:2    | Found a radiant altar of Vehumet.
 24887 | Orc:2    | Noticed Azrael
 25331 | Orc:2    | Found an ancient bone altar of Kikubaaqudgha.
 25358 | Orc:2    | Found Zoawif's Jewellery Shop.
 25377 | Orc:2    | Reached skill level 5 in Shields
 25400 | Orc:2    | Killed Azrael
 25408 | Orc:2    | Found Axorramn's Magic Scroll Shop.
 25414 | Orc:2    | Found Gecw's Jewellery Boutique.
 25635 | Orc:2    | Bought a ring of protection from fire for 350 gold pieces
 25657 | Orc:2    | Bought the ring of the Hare {EV+8} for 1792 gold pieces
 25657 | Orc:2    | Found the ring of the Hare {EV+8}
 25670 | Orc:2    | Bought a scroll of teleportation for 42 gold pieces
 25872 | Swamp:1  | Entered Level 1 of the Swamp
 25942 | Swamp:1  | Reached skill level 6 in Shields
 26578 | Swamp:1  | Noticed Jorgrun
 26588 | Swamp:1  | Killed Jorgrun
 26596 | Swamp:1  | Reached skill level 7 in Shields
 27511 | Swamp:2  | Reached XP level 16. HP: 127/127 MP: 8/24
 27603 | Swamp:2  | Reached skill level 8 in Shields
 27900 | Swamp:2  | Reached skill level 9 in Shields
 28778 | Swamp:3  | Reached skill level 10 in Shields
 28791 | Swamp:3  | Identified the +6 bardiche "Amaar" {vorpal, Dex+4}
 29105 | Swamp:4  | Entered Level 4 of the Swamp
 29324 | Swamp:4  | Reached skill level 11 in Shields
 29722 | Swamp:4  | Identified the +5 falchion of the Leaping Seeker {vorpal,
                  | Will+}
 30011 | Swamp:4  | Reached skill level 12 in Shields
 30098 | Swamp:4  | Got a decaying rune of Zot
 30470 | Snake:1  | Entered Level 1 of the Snake Pit
 30702 | Snake:1  | Reached XP level 17. HP: 125/133 MP: 8/25
 30762 | Snake:1  | Reached skill level 13 in Shields
 31078 | Snake:1  | Noticed Roxanne
 32288 | Snake:2  | Reached skill level 14 in Shields
 33848 | Snake:3  | Found Roicie's Superior Scales.
 34265 | Snake:4  | Entered Level 4 of the Snake Pit
 34452 | Snake:4  | Reached skill level 15 in Shields
 35183 | Snake:4  | Reached skill level 16 in Shields
 35494 | Snake:4  | Got a serpentine rune of Zot
 35864 | Vaults:1 | Entered Level 1 of the Vaults
 35893 | Vaults:1 | Reached XP level 18. HP: 140/140 MP: 7/26
 36085 | Vaults:1 | Found a crumbling gateway.
 36115 | Desolati | Entered the Desolation of Salt
 36414 | Desolati | Reached skill level 12 in Invocations
 36430 | Desolati | Reached skill level 9 in Evocations
 37160 | Desolati | Reached skill level 10 in Evocations
 37188 | Desolati | Got Qysoll's Compendium of the Swarm
 37207 | Desolati | Got Sif Muna's Atlas of the Voyage
 37316 | Desolati | Got the Atlas of Topological Confrontation
 37487 | Desolati | Identified the +5 flail "Jellyslayer" {vamp, MP+9}
 37525 | Desolati | Got the Verses on the Glacier
 37596 | Desolati | Identified the +1 leather armour of the Arcane {Regen+
                  | Int-5 Dex+4}
 37611 | Desolati | Identified the ring "Osakan" {EV+4 Int+3 Stlth+}
 37623 | Desolati | Got the Folio of Geological Air
 37627 | Desolati | Got the Compendium of the Macabre Snake
 37982 | Vaults:1 | Reached skill level 11 in Evocations
 38042 | Vaults:1 | Identified the +9 shortbow "Joig" {venom, Fly rF+}
 38071 | Vaults:1 | Reached skill level 15 in Maces & Flails
 38750 | Vaults:1 | Reached skill level 12 in Evocations
 39111 | Vaults:1 | Found Petuutharph's Antique Weapon Emporium.
 39285 | Vaults:1 | You fall into a shaft and drop 1 floor!
 39357 | Vaults:2 | Reached XP level 19. HP: 125/146 MP: 9/28
 39513 | Vaults:2 | Reached skill level 16 in Maces & Flails
 40202 | Vaults:1 | Reached skill level 7 in Armour
 40481 | Vaults:2 | Noticed Sojobo
 40507 | Vaults:2 | Killed Sojobo
 40508 | Vaults:2 | Reached skill level 13 in Fighting
 40763 | Vaults:2 | Found Fausues's Magic Scroll Emporium.
 40771 | Vaults:2 | Bought a scroll of fear for 48 gold pieces
 40771 | Vaults:2 | Bought a scroll of silence for 114 gold pieces
 40771 | Vaults:2 | Bought a scroll of summoning for 114 gold pieces
 40771 | Vaults:2 | Bought a scroll of fog for 48 gold pieces
 40966 | Vaults:2 | Reached skill level 8 in Armour
 42122 | Vaults:3 | Identified the +1 plate armour of Sarr {*Corrode rElec
                  | Regen+ Stlth+}
 42242 | Vaults:3 | Reached skill level 14 in Fighting
 42371 | Vaults:3 | Reached skill level 9 in Armour
 42460 | Vaults:3 | Noticed Zenata
 42485 | Vaults:3 | Killed Zenata
 42485 | Vaults:3 | Enslaved Zenata
 42589 | Vaults:3 | Found a staircase to the Crypt.
 42589 | Vaults:3 | Found an ancient bone altar of Kikubaaqudgha.
 42589 | Vaults:3 | Found a basalt altar of Yredelemnul.
 42741 | Vaults:3 | Found Juch's Magic Scroll Boutique.
 42750 | Vaults:3 | Bought a scroll of blinking for 142 gold pieces
 43030 | Vaults:4 | Reached XP level 20. HP: 87/160 MP: 8/29
 43557 | Vaults:4 | Reached skill level 10 in Armour
 43571 | Vaults:4 | Reached skill level 15 in Fighting
 43614 | Vaults:4 | Noticed Xtahua
 43622 | Vaults:4 | Killed Xtahua
 43658 | Vaults:4 | Found Elaobur's Antique Weapon Emporium.
 43664 | Vaults:4 | Bought a glowing morningstar for 196 gold pieces
 44178 | Elf:1    | Entered Level 1 of the Elven Halls
 44411 | Elf:1    | Got the Octavo of Confrontation
 44723 | Elf:1    | Reached skill level 16 in Fighting
 45061 | Elf:2    | Found a huge runed translucent gate.
 45061 | Elf:2    | Found a huge runed translucent gate.
 45061 | Elf:2    | Found a huge runed translucent gate.
 45061 | Elf:2    | Found a huge runed translucent gate.
 45061 | Elf:2    | Found a huge runed translucent gate.
 45162 | Elf:2    | Found Caruu's Antique Armour Emporium.
 45214 | Elf:2    | Your ally Zenata died
 45722 | Elf:2    | Noticed Louise
 46003 | Elf:3    | Entered Level 3 of the Elven Halls
 46099 | Elf:3    | Noticed Aizul
 46127 | Elf:3    | Killed Aizul
 46217 | Elf:3    | Reached skill level 17 in Fighting
 46343 | Elf:3    | Found Pinys's Jewellery Shoppe.
 46359 | Elf:3    | Found Lyseac's Weapon Emporium.
 46361 | Elf:3    | Found Fisoack's Magic Scroll Shoppe.
 46369 | Elf:3    | Bought a scroll of silence for 133 gold pieces
 46724 | Elf:3    | Your ally Aizul died
 46840 | Elf:2    | Found a shimmering blue altar of Sif Muna.
 46946 | Elf:3    | Identified the ring "Doer" {rElec rF+ rC+ Int-3 SInv}
 47440 | Elf:3    | Identified the amulet "Jul Wuad" {Acrobat Int+3}
 47455 | Elf:3    | Identified the +8 dire flail "Ydiboff" {speed, rPois rN+
                  | Will- Dex+4}
 47494 | Elf:3    | Reached skill level 18 in Fighting
 47675 | Elf:3    | Identified the +4 chain mail of Time Monsters {rPois Int+3
                  | Dex+4}
 47701 | Elf:3    | Identified the +1 shortbow of Siptog {flame, Int+6 Stlth+}
 47703 | Elf:3    | Identified the +7 short sword "Vesablakh" {pain, rPois rN+
                  | MP-9 Str+4}
 47715 | Elf:3    | Identified the amulet of Xupnisut {Reflect rF+ rC++ rN+
                  | SH+5}
 47732 | Elf:3    | Got Sif Muna's Parchment of the Septic Squall
 48135 | Depths:1 | Entered Level 1 of the Depths
 48168 | Depths:1 | Found a one-way gate leading to the halls of Pandemonium.
 48356 | Depths:1 | Reached skill level 13 in Evocations
 48402 | Depths:1 | Found a runed translucent door.
 48721 | Depths:1 | Noticed a golden dragon
 48731 | Depths:1 | Killed a golden dragon
 48756 | Depths:1 | Reached XP level 21. HP: 146/177 MP: 30/30
 48943 | Depths:1 | Reached skill level 14 in Evocations
 49017 | Depths:1 | Found a gateway to Hell.
 49237 | Depths:1 | Reached skill level 15 in Evocations
 49693 | Depths:2 | Found Ubuolutt's Jewellery Emporium.
 49693 | Depths:2 | Found Evviynid's Distillery.
 49694 | Depths:2 | Found Cooloss's Antique Weapon Shoppe.
 49706 | Depths:2 | Found Boystredd's Assorted Antiques.
 49715 | Depths:2 | Bought a scroll of teleportation for 96 gold pieces
 49925 | Depths:2 | Noticed Grunn
 49944 | Depths:2 | Killed Grunn
 49946 | Depths:2 | Reached skill level 11 in Armour
 50532 | Depths:2 | Noticed Mara
 50556 | Depths:2 | Noticed EnegeticOcto's illusion
 50704 | Depths:2 | Reached skill level 12 in Armour
 51065 | Depths:2 | Noticed EnegeticOcto's illusion
 51580 | Depths:2 | Noticed EnegeticOcto's illusion
 51600 | Depths:2 | Noticed EnegeticOcto's illusion
 51632 | Depths:2 | Killed Mara
 51922 | Depths:3 | Found a one-way gate to the infinite horrors of the Abyss.
 52161 | Depths:3 | Found a one-way gateway to a ziggurat.
 52219 | Depths:3 | Found Qecrarek's Jewellery Boutique.
 52226 | Depths:3 | Reached skill level 1 in Throwing
 52238 | Depths:3 | Reached skill level 13 in Armour
 52297 | Depths:3 | Reached skill level 2 in Throwing
 52334 | Depths:3 | Reached XP level 22. HP: 184/184 MP: 31/31
 52470 | Depths:3 | Reached skill level 3 in Throwing
 52808 | D:13     | Bought 3 silver javelins for 100 gold pieces
 53018 | Elf:3    | Bought 5 silver boomerangs for 112 gold pieces
 53285 | Vaults:2 | Bought 3 scrolls of fear for 144 gold pieces
 53285 | Vaults:2 | Bought a scroll of enchant weapon for 90 gold pieces
 53285 | Vaults:2 | Bought a scroll of magic mapping for 90 gold pieces
 53576 | Elf:3    | Bought a scroll of summoning for 133 gold pieces
 53576 | Elf:3    | Bought a scroll of immolation for 56 gold pieces
 53939 | Depths:4 | Entered Level 4 of the Depths
 54134 | Depths:4 | Reached skill level 4 in Throwing
 54212 | Depths:4 | Noticed Margery
 54225 | Depths:4 | Killed Margery
 54232 | Depths:4 | Noticed Boris
 54255 | Depths:4 | Killed Boris
 54386 | Depths:4 | Noticed a caustic shrike
 54386 | Depths:4 | Noticed a caustic shrike
 54386 | Depths:4 | Noticed a caustic shrike
 54387 | Depths:4 | Noticed a caustic shrike
 54397 | Depths:4 | Killed a caustic shrike
 54397 | Depths:4 | Enslaved a caustic shrike
 54420 | Depths:4 | Killed a caustic shrike
 54991 | Depths:4 | Noticed Saint Roka
 55017 | Depths:3 | Killed a caustic shrike
 55018 | Depths:3 | Reached skill level 5 in Throwing
 55063 | Depths:3 | Killed Saint Roka
 55320 | Depths:4 | Found a stormy altar of Qazlal.
 55411 | Depths:4 | Noticed a golden dragon
 55421 | Depths:4 | Killed a golden dragon
 55431 | Depths:4 | Reached skill level 14 in Armour
 55465 | Depths:4 | Reached skill level 6 in Throwing
 55525 | Depths:4 | Found a gate to the Realm of Zot.
 55536 | Depths:4 | Killed a caustic shrike
 55536 | Depths:4 | Enslaved a caustic shrike
 55601 | Depths:4 | Noticed Frederick
 55625 | Depths:4 | Killed Frederick
 55876 | Depths:4 | Reached skill level 7 in Throwing
 56493 | Vaults:5 | Entered Level 5 of the Vaults
 56493 | Vaults:5 | Noticed Boris
 56499 | Vaults:5 | Noticed a golden dragon
 56570 | Vaults:5 | Reached skill level 8 in Throwing
 56587 | Vaults:5 | Identified the +4 ring mail of Autotheism {*Slow rElec
                  | rPois rF++}
 56637 | Vaults:5 | Reached skill level 9 in Throwing
 56641 | Vaults:5 | Killed a golden dragon
 56786 | Vaults:5 | Killed Boris
 56875 | Vaults:5 | Reached skill level 10 in Throwing
 57037 | Vaults:5 | Reached XP level 23. HP: 153/190 MP: 20/32
 57138 | Vaults:5 | Reached skill level 11 in Throwing
 57298 | Vaults:5 | Identified the ring "Ceon" {rElec rPois Str+2}
 57328 | Vaults:5 | Identified the +6 dagger "Fuanatwe" {vorpal, rElec rF++
                  | Int+3 Dex-4}
 57371 | Vaults:5 | Reached skill level 12 in Throwing
 58155 | Vaults:5 | Got a silver rune of Zot
 58545 | Zot:1    | Entered Level 1 of the Realm of Zot
 58844 | Zot:1    | Noticed Turbonekonecno's ghost (veteran SpEn)
 58847 | Zot:1    | Found a runed translucent door.
 58934 | Zot:1    | Killed Turbonekonecno's ghost
 58987 | Zot:1    | Reached skill level 13 in Throwing
 60357 | Zot:2    | Reached skill level 14 in Throwing
 60662 | Zot:2    | Noticed a curse toe
 60670 | Zot:2    | Killed a curse toe
 61177 | Zot:3    | Reached skill level 15 in Throwing
 61679 | Zot:3    | Reached XP level 24. HP: 197/197 MP: 32/32
 61742 | Zot:3    | Identified the +0 ring mail of Weskouf {*Corrode rElec
                  | Will+ Str+5}
 61883 | Zot:3    | Reached skill level 16 in Throwing
 62227 | Zot:3    | Identified the ring of Gaeteq {MP+9 Dex+4 Stlth+}
 62565 | Zot:4    | Reached skill level 17 in Shields
 63599 | Zot:5    | Entered Level 5 of the Realm of Zot
 64332 | Zot:5    | Reached skill level 18 in Shields
 64869 | Zot:5    | Noticed a dread lich
 64877 | Zot:5    | Noticed a Killer Klown
 64880 | Zot:5    | Killed a dread lich
 64885 | Zot:5    | Noticed an orb of fire
 64887 | Zot:5    | a Killer Klown changed into a titan
 64887 | Zot:5    | Noticed a Killer Klown
 64901 | Zot:5    | Killed an orb of fire
 64902 | Zot:5    | Noticed an orb of fire
 64902 | Zot:5    | Noticed a Killer Klown
 64911 | Zot:5    | Killed an orb of fire
 64913 | Zot:5    | Noticed an orb of fire
 64929 | Zot:5    | Killed a Killer Klown
 65480 | Zot:5    | Killed an orb of fire
 65481 | Zot:5    | Reached skill level 19 in Shields
 65548 | Zot:5    | Noticed a Killer Klown
 65574 | Zot:5    | Killed a Killer Klown
 65581 | Zot:5    | Noticed an ancient lich
 65593 | Zot:5    | Killed an ancient lich
 65893 | Zot:5    | Killed a Killer Klown
 65931 | Zot:5    | Reached XP level 25. HP: 204/204 MP: 32/32
 66001 | Zot:5    | Noticed a Killer Klown
 66011 | Zot:5    | Killed a Killer Klown
 66012 | Zot:5    | Reached skill level 20 in Shields
 66124 | Zot:5    | Got the Orb of Zot
 66827 | D:$      | Escaped with the Orb!

Illustrated notes

Levels and vault maps discovered:
D:1:      tarquinn_simple_flora_water_c, layout_loops_corners,
          hellmonk_ecumenical_altar_run_dry
D:2:      layout_basic, uniq_robin
D:3:      layout_rooms, mainiacjoe_overflow_alcove_3, bloody_trog,
          nicolae_dithmenos_shadow_blocks, uniq_ijyb, uniq_crazy_yiuf_cottage,
          uniq_jessica, uniq_natasha
D:4:      layout_cave_pods, marbit_many_paths, tso_altar,
          minmay_temple_entry_slanted, uniq_edmund
D:5:      layout_loops_ring, kennysheep_small_square, uniq_duvessa
D:6:      layout_loops_cross, gup_sewer_entry_bowl
D:7:      layout_basic, nicolae_ashenzari_skybound, serial_corexii_hall,
          corexii_hall_statues_i, corexii_hall_statues_l
D:8:      layout_rooms, serial_bayou_lagoon_a
D:9:      layout_irregular_city, dpeg_lair_monsters, grunt_ministairs_11
D:10:     minmay_bloctagon, layout_gridville, nicolae_overflow_hidden_temple,
          serial_shops, shop
D:11:     layout_rooms, serial_glass, glass_columns_a, glass_columns_b
D:12:     layout_loops_ring, david_orc_3, special_room [special_room_orc],
          minmay_tree_intersection, minmay_misc_feat_nine_boxes,
          chequers_serial_rivers_micro_d, kennysheep_generic_room_8
D:13:     cheibrodos_quadrivalence, layout_basic, serial_shops, shop
D:14:     layout_basic, grunt_vaults_entry_tiered, minmay_crystal_room,
          argonaut_gorgonesque, uniq_frances, uniq_josephine
D:15:     grunt_enter_depths_hoard, layout_basic, wad_floor_pattern_1,
          minmay_misc_feat_tiny
Temple:   minmay_temple_bridge_abc
Lair:1:   layout_roguey, gammafunk_ghost_hydra_chop, beast_lair_carwin_8,
          uniq_harold
Lair:2:   layout_misc_corridors, serial_bayou_shore_b
Lair:3:   layout_cave_shapes, minmay_swamp_entry_worms,
          guppyfry_snake_entry_island, serial_bayou_shore_a
Lair:4:   layout_concentric_octagons, slime_entry_1
Lair:5:   minmay_lair_end_enchanted_forest, layout_regular_city, minivault_27,
          nicolae_lair_time_for_slime, infiniplex_staircase_pool, uniq_kirke
Swamp:1:  layout_basic_swamp, evilmike_swamp_ruin_rubble_1, uniq_jorgrun
Swamp:2:  layout_basic_swamp, serial_swamp_ruin, evilmike_swamp_ruin_house_4,
          evilmike_swamp_ruin_rubble_2, evilmike_swamp_ruin_house_5
Swamp:3:  layout_falls_marsh, evilmike_swamp_ruin_house_1
Swamp:4:  swamp_alternative, layout_basic_swamp, portal_ice_cave_entry_pillars_2
Snake:1:  layout_onion, nicolae_snake_scaly_snakehead, uniq_roxanne
Snake:2:  layout_gridlike, grunt_megastairs_2, lemuel_fruit_tree
Snake:3:  layout_rooms, serial_bayou_pond_c, hellmonk_scale_shop
Snake:4:  snake_pit, layout_basic, drop_trap, nicolae_coiled_stairwell_up
Orc:1:    layout_caves
Orc:2:    kennysheep_orc_mage_school, layout_diamond_mine, uniq_azrael
Elf:1:    minmay_elf_arrival_circle, layout_geoelf_grid, minmay_elf_annihilation
Elf:2:    elven_hall_of_blades_hangedman_alternative
          [nooodl_blade_entry_preview], layout_rooms, serial_shops, shop,
          nicolae_elf_m_pinch, lemuel_upstairs_altar, uniq_louise
Elf:3:    elf_hall, layout_loops_ring, abandoned_shop, minmay_shop_star,
          uniq_aizul
Vaults:1: portal_desolation_entry_twin_temple, nicolae_vaults_mini_display_case,
          vaults_mumra_hex, vaults_room_large_hall, nicolae_vaults_statue_guard,
          vaults_room_ringed_pool, hangedman_vaults_nails,
          nicolae_vaults_little_squares_5, nicolae_vaults_triangles,
          dpeg_vaults_monster_row, nicolae_vaults_little_squares_2,
          nicolae_vaults_little_squares_2, nicolae_vaults_shelves_hall,
          grunt_vaults_diagonal, layout_vaults_omnibox, serial_shops, shop
Vaults:2: st_spiral_rooms, vaults_room_octagon, hangedman_vaults_nails,
          vaults_room_pool, nicolae_vaults_ninety_degrees,
          ontoclasm_vaults_chip, vaults_room_fours, vaults_dpeg_encased_lava,
          dpeg_vaults_monster_box, layout_vaults_omnigrid, serial_shops,
          nicolae_shop_temple_entry_statues_fountains, uniq_sojobo
Vaults:3: v_misc_19, minmay_crypt_entry_necro_gods, v_misc_30,
          hangedman_vaults_locks, v_misc_1, hangedman_vaults_trim,
          nicolae_vaults_rhombus_6, nicolae_vaults_rhombus_5,
          ontoclasm_vaults_chip, vaults_standard_mumra_enter_the_diamond,
          layout_vaults_big_room, serial_shops, nicolae_lakefront_shop,
          uniq_zenata
Vaults:4: v_misc_25, ontoclasm_vaults_hangar, st_lines,
          hangedman_vaults_restitches, v_misc_8, nicolae_vaults_border_crossing,
          grunt_vaults_hallway_short, nicolae_vaults_little_squares_5,
          nicolae_vaults_little_squares_2, vaults_room_pool,
          ontoclasm_vaults_chip, serial_ice_h, layout_vaults_omnicross,
          serial_shops, shop, uniq_xtahua
Vaults:5: serial_shops
Depths:1: layout_roguey [special_room_mythical_zoo], nrook_uturn,
          grunt_pan_entry_zigzag, pf_hell_entry_tar_river, skrybe_limestone_x,
          lemuel_angel_altar
Depths:2: minmay_inner_zag, layout_basic, special_room [special_room_morgue],
          minmay_staircase_bubble, pf_hell_entry_great_geh,
          rand_demon_pan_entry_8, minmay_shoptagon, uniq_mara, uniq_grunn
Depths:3: nicolae_whirlpool, layout_cave_pools, enter_ziggurat_a,
          hangedman_decor_clover_reticule, abyss_entry, hell_entry,
          serial_shops, nicolae_shop_statue_plus,
          minmay_staircase_statues_hall_small
Depths:4: evilmike_zot_entry_argh, layout_gridville, lightli_too_deep,
          nicolae_qazlal_eye_of_the_storm, uniq_frederick, uniq_margery,
          uniq_boris, uniq_saint_roka
Zot:1:    gammafunk_sealed_arena, layout_concentric_octagons,
          hellmonk_ghost_happy_afterlife, uniq_josephina, uniq_vv
Zot:2:    evilmike_crystal_ball_defense, layout_onion
Zot:3:    layout_cellular_growth, st_small_dragon_hoard_3
Zot:4:    layout_misc_corridors, grunt_megastairs_1
Zot:5:    layout_basic, bh_zot_levy_curve

Skill      XL: |  1  2  3  4  5  6  7  8  9 10 11 12 13 14 15 16 17 18 19 20 21 22 23 24 25 |
---------------+----------------------------------------------------------------------------+-----
Stealth        | 1 2 |  2.0
Fighting       | 2 3 5 7 8 10 11 12 14 18 | 18.0
Maces & Flails | 2 3 4 6 7 10 11 12 14 15 16 | 16.0
Evocations     | 5 7 8 12 13 15 | 15.0
Invocations    | 3 6 9 11 12 | 12.0
Armour         | 3 5 6 9 10 13 14 | 14.0
Dodging        | 4 6 8 |  8.0
Shields        | 7 12 16 19 20 | 20.2
Throwing       | 2 10 15 16 | 16.0
Polearms       | |  2.4

Action                   |  1- 3 |  4- 6 |  7- 9 | 10-12 | 13-15 | 16-18 | 19-21 | 22-24 | 25-27 || total
-------------------------+-------+-------+-------+-------+-------+-------+-------+-------+-------++-------
Melee: Spear             |   130 |       |       |       |       |       |       |       |       ||   130
       Punch             |     1 |     2 |     4 |       |       |       |       |       |       ||     7
       Mace              |     6 |    73 |   172 |       |     6 |       |       |       |       ||   257
       Dire flail        |       |       |    17 |   219 |   986 |       |       |       |       ||  1222
       Great mace        |       |       |       |   157 |       |       |       |       |       ||   157
       Morningstar       |       |       |       |       |   213 |  1297 |   591 |       |       ||  2101
       Broad axe         |       |       |       |       |     3 |       |   302 |       |       ||   305
       Eveningstar       |       |       |       |       |       |       |   768 |  1595 |    76 ||  2439
Throw: Dart              |       |       |     1 |     1 |       |       |       |       |       ||     2
       Javelin           |       |       |       |       |       |       |     1 |     6 |       ||     7
       Boomerang         |       |       |       |       |       |       |       |    27 |    12 ||    39
Invok: Recall Undead Har |       |       |       |       |    16 |    21 |    13 |     8 |       ||    58
       Bind Soul         |       |       |       |       |     2 |     7 |     6 |     4 |       ||    19
       Dark Bargain      |       |       |       |       |     1 |       |     1 |     1 |       ||     3
       Drain Life        |       |       |       |       |       |     4 |     2 |     3 |       ||     9
Evoke: Wand              |       |     1 |       |       |       |     8 |     5 |     8 |       ||    22
       Phantom mirror    |       |       |       |       |     2 |       |     1 |       |       ||     3
       Phial of floods   |       |       |       |       |       |       |     2 |     1 |       ||     3
       Tin of tremorston |       |       |       |       |       |       |     4 |       |       ||     4
       Box of beasts     |       |       |       |       |       |       |     1 |       |       ||     1
       Condenser vane    |       |       |       |       |       |       |       |     4 |       ||     4
  Use: Scroll            |     1 |     3 |    10 |    11 |    12 |    15 |    21 |    17 |       ||    90
 Stab: Sleeping          |     3 |     4 |     5 |     2 |       |       |       |       |       ||    14
       Distracted        |       |     2 |     1 |    12 |    20 |    23 |    30 |    43 |       ||   131
       Paralysed         |       |     3 |       |       |       |       |       |     1 |       ||     4
       Confused          |       |       |       |       |       |       |       |     1 |       ||     1
Armor: Leather armour    |    25 |       |       |       |       |       |       |       |       ||    25
       Ring mail         |       |    11 |    57 |   105 |       |       |       |       |       ||   173
       Chain mail        |       |       |       |     8 |   403 |   442 |   590 |   494 |     7 ||  1944
Dodge: Dodged            |    55 |    25 |   118 |   260 |   622 |   916 |   855 |   677 |     7 ||  3535
       Repelled          |       |       |     2 |     2 |       |       |       |       |       ||     4
Block: Other             |       |       |     5 |    68 |   165 |       |       |       |       ||   238
       Reflection        |       |       |       |     2 |     4 |    59 |    22 |    18 |     1 ||   106
       Kite shield       |       |       |       |       |   130 |  1381 |  1428 |  1522 |    46 ||  4507

Table legend: (Time is in decaauts)
 A = Elapsed time spent in this place.
 B = Non-inter-level travel time spent in this place.
 C = Inter-level travel time spent in this place.
 D = Time resting spent in this place.
 E = Time spent auto-exploring this place.
 F = Levels seen in this place.
 G = Mean time per level.
                   A        B        C        D        E       F      G
               +--------+--------+--------+--------+--------+-----+--------+
         Total |  66022 |  59751 |   6271 |  10087 |  36730 |  50 | 1320.4 |
       Dungeon |  19202 |  15841 |   3361 |   1176 |  11475 |  15 | 1280.1 |
        Temple |     64 |     45 |     19 |      0 |     19 |   1 |   64.0 |
          Lair |   5416 |   5130 |    286 |    229 |   3855 |   5 | 1083.2 |
         Swamp |   4790 |   4616 |    174 |    874 |   2914 |   4 | 1197.5 |
     Snake Pit |   5181 |   5022 |    159 |    836 |   3247 |   4 | 1295.2 |
  Orcish Mines |   2871 |   2444 |    427 |    458 |   1513 |   2 | 1435.5 |
   Elven Halls |   4012 |   3538 |    474 |    955 |   1631 |   3 | 1337.3 |
        Vaults |   8197 |   7479 |    718 |    987 |   4616 |   5 | 1639.4 |
        Depths |   6815 |   6372 |    443 |   1289 |   3643 |   4 | 1703.8 |
           Zot |   7538 |   7332 |    206 |   2386 |   3433 |   5 | 1507.6 |
         Sewer |    162 |    162 |      0 |      0 |    120 |   1 |  162.0 |
    Desolation |   1769 |   1769 |      0 |    894 |    261 |   1 | 1769.0 |
               +--------+--------+--------+--------+--------+-----+--------+

Top non-repeatable levels by time:
   Zot:5: 2519 daAuts
    D:14: 2517 daAuts
Depths:2: 2330 daAuts
Vaults:1: 2057 daAuts
    D:13: 1977 daAuts
  Lair:5: 1935 daAuts
   Zot:2: 1932 daAuts
   Orc:2: 1911 daAuts
Vaults:2: 1886 daAuts
    D:15: 1880 daAuts
    D:12: 1811 daAuts
Desolation: 1769 daAuts
   Elf:3: 1764 daAuts
Depths:4: 1726 daAuts
 Swamp:1: 1637 daAuts
